 Dungeon Crawl Stone Soup version 0.29-a0-284-gf9362112df (webtiles) character file.

Game seed: 2834627404631463229

32 sammy202020 the Chopper (level 3, -3/33 HPs)
             Began as a Minotaur Berserker on Mar 18, 2022.
             Was a Follower of Trog.
             Killed from afar by Sigmund (4 damage)
             ... with a magic dart
             ... on level 2 of the Dungeon.
             The game lasted 00:01:33 (892 turns).

sammy202020 the Chopper (Minotaur Berserker)         Turns: 892, Time: 00:01:33

Health: -3/33      AC: 12    Str: 21    XL:     3   Next: 8%
Magic:  2/2        EV:  6    Int:  6    God:    Trog [*.....]
Gold:   62         SH:  6    Dex:  9    Spells: 2/2 levels left

rFire   . . .      SeeInvis .   a - +0 hand axe
rCold   . . .      Faith    .   h - +0 kite shield
rNeg    . . .      Spirit   .   d - +0 chain mail
rPois   .          Reflect  .   g - +2 hat
rElec   .          Harm     .   e - +0 cloak
rCorr   .          Rampage  .   (no gloves)
Will    .....                   (no boots)
Stlth   ..........              (no amulet)
HPRegen 0.11/turn               (no ring)
MPRegen 0.08/turn               (no ring)

@: no status effects
A: horns 2, retaliatory headbutt
a: Renounce Religion, Berserk


You were on level 2 of the Dungeon.
You worshipped Trog.
Trog was aware of your devotion.
You visited 1 branch of the dungeon, and saw 2 of its levels.

You collected 62 gold pieces.

Inventory:

Hand Weapons
 a - a +0 hand axe (weapon)
 c - a +4 hunting sling
Armour
 d - a +0 chain mail (worn)
 e - a +0 cloak (worn)
 g - a +2 hat (worn)
 h - a +0 kite shield (worn)
Scrolls
 b - 3 scrolls of identify {unknown}
 f - a scroll of magic mapping {unknown}
 i - a scroll of teleportation {unknown}
Potions
 j - a potion of lignification {unknown}


   Skills:
 * Level 4.1 Fighting
 * Level 4.1 Axes
 * Level 3.0 Armour
 + Level 2.4 Dodging
 * Level 0.6 Shields


You had 2 spell levels left.
You didn't know any spells.
Your spell library was empty.

Dungeon Overview and Level Annotations

Branches:
Dungeon (2/15)

Altars:

Annotations:
D:2 Sigmund


Innate Abilities, Weirdness & Mutations

You have a pair of horns on your head.
You reflexively headbutt those who attack you in melee.


Message History

You kill the kobold!
Trog accepts your kill. Something hits you.
No target in view!
No target in view!
No target in view!
No target in view!
No target in view!
No target in view!
No target in view!
No target in view!
No target in view!
No target in view!
No target in view!
No target in view!
No target in view!
You see here a +0 whip.
You miss something. Your headbutt misses something.
Something hits you but does no damage.
You miss something. Something hits you.
You hit something. Something hits you but does no damage.
You barely miss something. Something hits you but does no damage.
You miss something. Your headbutt misses something.
You hear some strange, mumbled words.
A magic dart appears from out of thin air!
The magic dart hits you but does no damage.
You hit something. Something hits you!
You hit something. Your headbutt misses something.
Something hits you but does no damage.
You slash something! Something hits you but does no damage.
You fail to use your ability.
You miss something. Something hits you!
* * * LOW HITPOINT WARNING * * *
You hit something but do no damage. Something hits you.
* * * LOW HITPOINT WARNING * * *
You hit something.
You hear some strange, mumbled words.
A magic dart appears from out of thin air!
The magic dart hits you.
You die...

#..# #..########
#.........# #
#.#######.# #. #.#
#.# ##.####.# #.#
#+#.......# #.#
.........## #.#
.......@.# #.#
......{..########.##
.........+.........#
.........########..#
.........# #..#
.........# #..#
.........# #..#
#+#+###### #..# #..#


There were no monsters in sight!

Vanquished Creatures
  An adder (D:2)
  2 endoplasms (D:1)
  2 giant cockroaches (D:1)
  2 goblins (D:1)
  3 hobgoblins (D:1)
  A quokka (D:1)
  4 bats
  3 frilled lizards (D:1)
  3 kobolds
  A rat (D:1)
22 creatures vanquished.

Notes
Turn   | Place    | Note
-------+----------+-------------------------------------------
     0 | D:1      | sammy202020 the Minotaur Berserker began the quest for the
                  | Orb.
     0 | D:1      | Reached XP level 1. HP: 19/19 MP: 0/0
   264 | D:1      | Reached XP level 2. HP: 26/27 MP: 1/1
   646 | D:1      | Found a faded altar of an unknown god.
   847 | D:2      | Reached XP level 3. HP: 33/33 MP: 2/2
   874 | D:2      | Noticed Sigmund
   891 | D:2      | HP: 1/33 [something (5)]
   892 | D:2      | Killed from afar by Sigmund

Illustrated notes

Levels and vault maps discovered:
D:1:      ncdulo_halloftheorcs, layout_basic, ebering_ecumenical_altar_box
D:2:      layout_basic, corexii_corridor_pit, uniq_sigmund

Skill      XL: |  1  2 |
---------------+-------+-----
Axes           | 4 |  4.1
Fighting       | 4 |  4.1
Armour         | 3 |  3.0
Dodging        | |  2.4
Shields        | |  0.6

Action                   || total
-------------------------++-------
Melee: Hand axe          ||    66
       Headbutt          ||     7
       Punch             ||     1
Armor: Leather armour    ||    11
       Chain mail        ||    30
Dodge: Dodged            ||    25
Block: Kite shield       ||    10

Table legend: (Time is in decaauts)
 A = Elapsed time spent in this place.
 B = Non-inter-level travel time spent in this place.
 C = Inter-level travel time spent in this place.
 D = Time resting spent in this place.
 E = Time spent auto-exploring this place.
 F = Levels seen in this place.
 G = Mean time per level.
                   A        B        C        D        E       F      G
               +--------+--------+--------+--------+--------+-----+--------+
         Total |    904 |    904 |      0 |      0 |    645 |   2 |  452.0 |
       Dungeon |    904 |    904 |      0 |      0 |    645 |   2 |  452.0 |
               +--------+--------+--------+--------+--------+-----+--------+

Top non-repeatable levels by time:
     D:1: 827 daAuts
     D:2: 77 daAuts
